 Dungeon Crawl Stone Soup version 0.29.1-1-gd02db6906a (webtiles) character file.

Game seed: 5292783842624745669

2646 corgi the Covert (level 9, -4/74 HPs)
             Began as a Gnoll Delver on Oct 13, 2022.
             Was a Priest of Cheibriados.
             Slain by a troll (10 damage)
             ... on level 7 of the Dungeon.
             The game lasted 00:39:33 (9319 turns).

corgi the Covert (Gnoll Delver)                     Turns: 9319, Time: 00:39:33

Health: -4/74      AC:  8    Str: 19    XL:     9   Next: 62%
Magic:  22/24      EV: 15    Int: 19    God:    Cheibriados [***...]
Gold:   731        SH:  0    Dex: 19    Spells: 16/17 levels left

rFire   . . .      SeeInvis .   a - +2 whip (holy)
rCold   . . .      Faith    .   (no shield)
rNeg    . . .      Spirit   .   j - +0 leather armour
rPois   .          Reflect  .   D - +2 hat
rElec   +          Harm     +   f - scarf {harm}
rCorr   .          Rampage  .   m - +0 pair of gloves "Siden" {rElec Will+ Stlth-}
Will    +....                   E - +2 pair of boots
Stlth   ++++......              u - amulet of the acrobat
HPRegen 0.22/turn               y - ring of magical power
MPRegen 0.19/turn               (no ring)

@: about to teleport, corroded, very slow
A: fangs 1, strong nose, distributed training, iridescent scales 1, noise
suppression
a: Renounce Religion, Bend Time, Temporal Distortion


You were on level 7 of the Dungeon.
You worshipped Cheibriados.
Cheibriados was most pleased with you.
You visited 2 branches of the dungeon, and saw 9 of its levels.

You collected 731 gold pieces.

Inventory:

Hand Weapons
 a - a +2 whip of holy wrath (weapon)
 b - the +2 sling of Jotich {vorpal, Int+2 Dex+2}
   (You found it on level 7 of the Dungeon)

   Any ammunition fired from it inflicts extra damage upon your enemies.
   Int:       It affects your intelligence (+2).
   Dex:       It affects your dexterity (+2).
 C - a +0 mace
Armour
 f - a scarf of harm (worn)
 j - a +0 leather armour (worn)
 m - the +0 pair of gloves "Siden" (worn) {rElec Will+ Stlth-}
   (You found it on level 2 of the Dungeon)

   rElec:     It insulates you from electricity.
   Will:      It increases your willpower.
   Stlth:     It makes you less stealthy.
 D - a +2 hat (worn)
 E - a +2 pair of boots (worn)
Jewellery
 u - an amulet of the acrobat (around neck)
 y - a ring of magical power (left hand)
Wands
 g - a wand of digging (3)
Scrolls
 d - a scroll of magic mapping
 h - a scroll of immolation
 i - 2 scrolls of enchant armour
 z - 4 scrolls of identify
 A - a scroll of enchant weapon
 B - a scroll of silence
Potions
 k - a potion of lignification {unknown}
 l - 2 potions of heal wounds
 o - a potion of resistance {unknown}
 s - 5 potions of might


   Skills:
 + Level 8.1 Fighting
 + Level 4.6 Short Blades
 + Level 4.6 Long Blades
 + Level 4.6 Axes
 + Level 6.5 Maces & Flails
 + Level 4.6 Polearms
 + Level 4.6 Staves
 + Level 4.6 Ranged Weapons
 + Level 4.6 Throwing
 + Level 4.6 Armour
 + Level 6.5 Dodging
 + Level 10.6 Stealth
 + Level 4.6 Shields
 + Level 4.6 Unarmed Combat
 + Level 4.6 Spellcasting
 + Level 3.8 Conjurations
 + Level 3.8 Hexes
 + Level 3.8 Summonings
 + Level 3.8 Necromancy
 + Level 3.8 Translocations
 + Level 3.8 Transmutations
 + Level 3.8 Fire Magic
 + Level 3.8 Ice Magic
 + Level 3.8 Air Magic
 + Level 3.8 Earth Magic
 + Level 3.8 Poison Magic
 + Level 5.0 Invocations
 + Level 4.6 Evocations


You had 16 spell levels left.
You knew the following spells:

 Your Spells              Type           Power      Damage    Failure   Level
a - Necrotise             Necr           72%        1d7       3%          1

Your spell library contained the following spells:

 Spells                   Type           Power      Damage    Failure   Level
 Ensorcelled Hibernation  Hex/Ice        36%        N/A       4%          2
 Passwall                 Tmut/Erth      15%        N/A       4%          2
 Swiftness                Air            18%        N/A       10%         3
 Anguish                  Hex/Necr       9%         N/A       30%         4
 Irradiate                Conj/Tmut      9%         3d14      65%         5
 Statue Form              Tmut/Erth      12%        N/A       99%         6


Dungeon Overview and Level Annotations

Branches:
Dungeon (8/15)             Temple (1/1) D:4
   Lair: D:8-11

Altars:
Ashenzari
Cheibriados
Dithmenos
Elyvilon
Fedhas
Gozag
Hepliaklqana
Kikubaaqudgha
Makhleb
Nemelex Xobeh
Okawaru
Qazlal
Ru
Sif Muna
Trog
Uskayaw
Vehumet
Wu Jian
Xom
Yredelemnul
Zin
The Shining One

Annotations:
D:5 1 runed translucent door, nshep25's ghost, amateur KoDe


Innate Abilities, Weirdness & Mutations

You have very sharp teeth.
Your uncanny sense of smell can sniff out nearby items.
Your experience applies equally to all skills.
You are partially covered in iridescent scales. (AC +2)
You passively dampen the noise of your surroundings.


Message History

The troll is moderately wounded.
The jelly closely misses you. The troll closely misses you.
The troll misses you. The troll closely misses you.
You hit the troll but do no damage. You punch the troll, but do no damage.
The troll is moderately wounded.
The jelly closely misses you. The troll bites you! The troll barely misses you.
The troll claws you but does no damage. The troll attacks as you move away!
The troll closely misses you. The troll claws you. The troll claws you!
* * * LOW HITPOINT WARNING * * *
The jelly completely misses you. The flow of time bends around you.
Cheibriados rebukes the troll.
The troll seems to slow down.
Cheibriados rebukes the jelly.
The jelly seems to slow down.
Cheibriados lowers the support of your attributes as your movement quickens.
The jelly hits you but does no damage. The troll bites you!
* * * LOW HITPOINT WARNING * * *
The troll misses you. x2
You feel much better. The jelly hits you but does no damage.
The troll bites you!
* * * LOW HITPOINT WARNING * * *
The troll claws you.
* * * LOW HITPOINT WARNING * * *
The troll claws you!
* * * LOW HITPOINT WARNING * * *
Okay, then.
Okay, then.
Okay, then.
As you read the scroll of fog, it crumbles to dust.
The scroll dissolves into smoke.
Press: ? - help, v - describe, . - travel
Here: a troll (blue smoke, lightly wounded, slow)
The floor.
Okay, then.
As you read the scroll of teleportation, it crumbles to dust.
You feel strangely unstable. The jelly closely misses you.
The troll misses you. x2; The troll claws you!
You die...

#..................#############
#......#.##.#...(....†.........#
#.#...##.##.##.....#####.###.#.#
#.##.###.##.###...## #.# #.#.#
#........##......## #.###.#.#
####.##########'## #.##..#.# #.#
##...## #.##.##.# ##.##
##.....## #.##.##.# #...##
##..§T@§.## #.......#
###....####...§§J§..####....####
..........+...§§§§..'.......#
####...####.........####....#
#..## ##.......## ##..## #.##
##.....## ##.# #.# ##[..## #.#
#.# ##[## #.# ##.#### #.# #.#


You could see a troll (slow) and a jelly (slow).

Vanquished Creatures
  Eustachio (D:6)
  A steam dragon (D:7)
  A water moccasin (D:7)
  A sky beast (D:7)
  3 ice beasts
  2 orc warriors
  3 ogres
  A phantom (D:5)
  A bullfrog (D:7)
  3 kobold brigands
  4 necrophages
  2 scorpions
  5 hounds
  2 jellies
  4 orc priests
  3 iguanas
  4 orc wizards
  4 gnolls (D:3)
  6 adders
  A shadow imp (D:6)
  4 white imps
  3 ufetubi
  3 worms (D:2)
  3 dart slugs
  15 orcs
  8 ball pythons
  10 endoplasms
  2 giant cockroaches (D:4)
  4 goblins
  9 hobgoblins
  23 kobolds
  4 quokkas
  5 bats (D:1)
  3 frilled lizards
  5 rats
153 creatures vanquished.

Vanquished Creatures (others)
  A kobold (D:7)
  2 withered plants (D:5)
3 creatures vanquished.

Grand Total: 156 creatures vanquished

Notes
Turn   | Place    | Note
-------+----------+-------------------------------------------
     0 | D:5      | Reached skill level 9 in Stealth
     0 | D:5      | corgi the Gnoll Delver began the quest for the Orb.
     0 | D:5      | Reached XP level 1. HP: 23/23 MP: 1/1
     0 | D:5      | Noticed a hound
    10 | D:4      | Noticed an ogre
    44 | D:3      | Identified the +5 short sword "Leteho" {freeze, *Rage rF+
                  | SInv}
   120 | D:2      | Identified the +0 pair of gloves "Siden" {rElec Will+
                  | Stlth-}
   271 | D:1      | Reached XP level 2. HP: 19/29 MP: 2/2
   961 | D:1      | Reached XP level 3. HP: 35/35 MP: 3/3
  1393 | D:1      | Found a faded altar of an unknown god.
  1471 | D:2      | Reached skill level 1 in Invocations
  1525 | D:2      | Reached skill level 1 in Short Blades
  1525 | D:2      | Reached skill level 1 in Long Blades
  1525 | D:2      | Reached skill level 1 in Axes
  1525 | D:2      | Reached skill level 1 in Polearms
  1525 | D:2      | Reached skill level 1 in Staves
  1525 | D:2      | Reached skill level 1 in Ranged Weapons
  1525 | D:2      | Reached skill level 1 in Throwing
  1525 | D:2      | Reached skill level 1 in Armour
  1525 | D:2      | Reached skill level 1 in Shields
  1525 | D:2      | Reached skill level 1 in Unarmed Combat
  1525 | D:2      | Reached skill level 1 in Spellcasting
  1525 | D:2      | Reached skill level 1 in Evocations
  1788 | D:2      | Reached XP level 4. HP: 41/41 MP: 5/5
  2130 | D:3      | Found an opulent altar of Gozag.
  2312 | D:3      | Reached skill level 1 in Conjurations
  2312 | D:3      | Reached skill level 1 in Hexes
  2312 | D:3      | Reached skill level 1 in Summonings
  2312 | D:3      | Reached skill level 1 in Necromancy
  2312 | D:3      | Reached skill level 1 in Translocations
  2312 | D:3      | Reached skill level 1 in Transmutations
  2312 | D:3      | Reached skill level 1 in Fire Magic
  2312 | D:3      | Reached skill level 1 in Ice Magic
  2312 | D:3      | Reached skill level 1 in Air Magic
  2312 | D:3      | Reached skill level 1 in Earth Magic
  2312 | D:3      | Reached skill level 1 in Poison Magic
  2704 | D:3      | Gained mutation: You passively dampen the noise of your
                  | surroundings. [potion of mutation]
  2704 | D:3      | Gained mutation: You are partially covered in iridescent
                  | scales. (AC +2) [potion of mutation]
  2944 | D:4      | Noticed a necrophage
  2958 | D:4      | Killed a necrophage
  2959 | D:4      | Reached XP level 5. HP: 47/47 MP: 7/7
  2990 | D:4      | Noticed an orc warrior
  3006 | D:4      | Killed an orc warrior
  3007 | D:4      | Reached skill level 5 in Maces & Flails
  3007 | D:4      | Reached skill level 5 in Dodging
  3007 | D:4      | Reached XP level 6. HP: 25/53 MP: 8/8
  3546 | D:4      | Reached XP level 7. HP: 15/60 MP: 10/10
  4089 | D:4      | Found a staircase to the Ecumenical Temple.
  4097 | Temple   | Entered the Ecumenical Temple
  4417 | Temple   | Became a worshipper of Cheibriados the Contemplative
  4821 | D:5      | Found a runed translucent door.
  4821 | D:5      | Noticed nshep25's ghost (amateur KoDe)
  4910 | D:4      | Reached skill level 10 in Stealth
  4919 | D:4      | HP: 3/60 [iguana (10)]
  5281 | D:5      | Got Sif Muna's Almanac of Permutations and Stolen Souls
  5285 | D:5      | Learned a level 1 spell: Necrotise
  5453 | D:5      | Reached * piety under Cheibriados
  5615 | D:5      | Reached XP level 8. HP: 52/67 MP: 12/12
  6934 | D:6      | Reached ** piety under Cheibriados
  7139 | D:6      | Noticed Eustachio
  7172 | D:6      | Killed Eustachio
  7173 | D:6      | Reached XP level 9. HP: 58/73 MP: 14/14
  8258 | D:7      | Identified the +2 sling of Jotich {vorpal, Int+2 Dex+2}
  8296 | D:7      | Reached *** piety under Cheibriados
  8578 | D:7      | Reached skill level 5 in Invocations
  9122 | D:8      | Noticed a troll
  9319 | D:7      | Slain by a troll

Illustrated notes

Levels and vault maps discovered:
D:1:      saegor_arrival_simple_c, layout_basic,
          dilly_ecumenical_altar_fadedgnrine
D:2:      layout_basic, minmay_heptomino_h4
D:3:      layout_loops_cross, grunt_gozag_breadcrumbs, uniq_crazy_yiuf_cottage
D:4:      minmay_polygon_palace, layout_basic, minmay_temple_entry_junction_2
D:5:      layout_basic, gammafunk_ghost_grave, grunt_decor_mini_mirrors,
          grunt_ministairs_13, water_maze_lemuel
D:6:      layout_rooms, uniq_pikel, uniq_duvessa, uniq_eustachio
D:7:      layout_loops_corners
D:8:      layout_basic
Temple:   mainiacjoe_temple_hex_bubbles

Skill      XL: |  1  2  3  4  5  6  7  8  9 |
---------------+----------------------------+-----
Stealth        | 10 | 10.6
Invocations    | 1 2 3 4 5 |  5.0
Short Blades   | 1 2 3 4 |  4.6
Long Blades    | 1 2 3 4 |  4.6
Axes           | 1 2 3 4 |  4.6
Polearms       | 1 2 3 4 |  4.6
Staves         | 1 2 3 4 |  4.6
Ranged Weapons | 1 2 3 4 |  4.6
Throwing       | 1 2 3 4 |  4.6
Armour         | 1 2 3 4 |  4.6
Shields        | 1 2 3 4 |  4.6
Unarmed Combat | 1 2 3 4 |  4.6
Spellcasting   | 1 2 3 4 |  4.6
Evocations     | 1 2 3 4 |  4.6
Conjurations   | 1 2 3 |  3.8
Hexes          | 1 2 3 |  3.8
Summonings     | 1 2 3 |  3.8
Necromancy     | 1 2 3 |  3.8
Translocations | 1 2 3 |  3.8
Transmutations | 1 2 3 |  3.8
Fire Magic     | 1 2 3 |  3.8
Ice Magic      | 1 2 3 |  3.8
Air Magic      | 1 2 3 |  3.8
Earth Magic    | 1 2 3 |  3.8
Poison Magic   | 1 2 3 |  3.8
Maces & Flails | 5 6 |  6.5
Dodging        | 5 6 |  6.5
Fighting       | 7 8 |  8.1

Action                   |  1- 3 |  4- 6 |  7- 9 || total
-------------------------+-------+-------+-------++-------
Melee: Short sword       |    85 |    52 |       ||   137
       Bite              |     3 |    14 |    65 ||    82
       Punch             |     1 |     3 |    20 ||    24
       Whip              |       |    67 |   479 ||   546
 Cast: Necrotise         |       |       |    45 ||    45
Invok: Bend Time         |       |       |     1 ||     1
  Use: Potion            |       |     7 |     1 ||     8
       Scroll            |       |       |    11 ||    11
 Stab: Sleeping          |     8 |     4 |    12 ||    24
Armor: Leather armour    |    16 |       |    61 ||    77
       Scale mail        |    12 |    29 |    49 ||    90
       Chain mail        |       |    10 |       ||    10
       Robe              |       |       |    66 ||    66
Dodge: Dodged            |    77 |    58 |   364 ||   499
